 Dungeon Crawl Stone Soup version 0.31-a0-325-g067879e3d3 (webtiles) character file.

Game seed: 17590167938517876724

2109 AdnanSaban the Basher (level 9, 0/56 HPs)
             Began as a Gargoyle Fighter on July 18, 2023.
             Was an Initiate of Okawaru.
             Shot with a sling bullet by Joseph (8 damage)
             ... on level 7 of the Dungeon.
             The game lasted 00:10:48 (5513 turns).

AdnanSaban the Basher (Gargoyle Fighter)            Turns: 5513, Time: 00:10:49

Health: 0/56       AC: 14    Str: 24    XL:     9   Next: 28%
Magic:  9/9        EV:  9    Int:  9    God:    Okawaru [......]
Gold:   241        SH:  5    Dex: 15    Spells: 8/8 levels left

rFire   . . .        w - +3 whip
rCold   . . .        c - +0 buckler
rNeg    + . .        b - +0 scale mail
rPois   ∞            (no helmet)
rElec   +            (no cloak)
rCorr   +            (no gloves)
SInv    .            (no boots)
Will    .....        n - amulet of regeneration Stlth
                     p - ring of resist corrosion
HPRegen 1.09/turn    x - +6 ring of dexterity
MPRegen 0.11/turn

%: no passive effects
@: no status effects
A: sickness immunity, AC +6, negative energy resistance 1, electricity
resistance, torment resistance 1, petrification resistance
a: Renounce Religion


You were on level 7 of the Dungeon.
You worshipped Okawaru.
Okawaru was noncommittal.
You visited 2 branches of the dungeon, and saw 8 of its levels.

You collected 241 gold pieces.

Inventory:

Hand Weapons
 a - a +0 flail
 w - a +3 whip (weapon)
Missiles
 m - 3 throwing nets
Armour
 b - a +0 scale mail (worn)
 c - a +0 buckler (worn)
 B - a +0 kite shield
Jewellery
 n - an amulet of regeneration (around neck)
 p - a ring of resist corrosion (left hand)
 x - a +6 ring of dexterity (right hand)
Wands
 q - a wand of mindburst (15)
 s - a wand of digging (11)
 y - a wand of flame (7)
Scrolls
 e - 6 scrolls of teleportation {unknown}
 j - a scroll of noise {unknown}
 o - 4 scrolls of identify {unknown}
 r - a scroll of acquirement {unknown}
 u - a scroll of torment {unknown}
 A - a scroll of immolation {unknown}
Potions
 d - 3 potions of might
 f - a potion of enlightenment {unknown}
 g - 6 potions of curing {unknown}
 h - a potion of berserk rage {unknown}
 i - a potion of brilliance {unknown}
 k - a potion of lignification {unknown}
 l - a potion of resistance {unknown}
 t - 3 potions of degeneration {unknown}
 v - 2 potions of ambrosia {unknown}
 z - a potion of haste {unknown}


   Skills:
 + Level 6.6 Fighting
 + Level 8.5 Maces & Flails
 + Level 6.9 Armour
 + Level 5.5 Shields


You had 8 spell levels left.
You didn't know any spells.
Your spell library contained the following spells:

 Spells                   Type           Power      Damage    Failure   Level
 Freeze                   Ice            0%         1d3       71%         1
 Lesser Beckoning         Tloc           0%         N/A       85%         2
 Wereblood                Tmut           0%         N/A       85%         2
 Dazzling Flash           Conj/Hex       0%         N/A       97%         3
 Frozen Ramparts          Ice            0%         1d1       97%         3
 Gell's Gravitas          Tloc           0%         N/A       97%         3
 Hailstorm                Conj/Ice       0%         3d3       97%         3
 Teleport Other           Tloc           0%         N/A       97%         3
 Agony                    Necr           0%         N/A       100%        5
 Freezing Cloud           Conj/Ice/Air   0%         6-21      100%        5
 Irradiate                Conj/Tmut      0%         3d11      100%        5
 Silence                  Hex/Air        0%         N/A       100%        5
 Dispersal                Tloc           0%         N/A       100%        6
 Polar Vortex             Ice            0%         N/A       100%        9
 Simulacrum               Ice/Necr       Unusable   N/A       N/A         6

Dungeon Overview and Level Annotations

Branches:
Dungeon (7/15)             Temple (1/1) D:5

Altars:
Cheibriados
Dithmenos
Fedhas
Gozag
Hepliaklqana
Kikubaaqudgha
Makhleb
Nemelex Xobeh
Okawaru
Qazlal
Ru
Uskayaw
Vehumet
Wu Jian
Xom
Yredelemnul

Annotations:
D:3 2 runed translucent doors, Tinttamiau's ghost, amateur KoDe
D:7 Joseph


Innate Abilities, Weirdness & Mutations

You are immune to sickness and miasma.
Your stone body is resilient. (AC +6)
You are immune to poison.
You resist negative energy. (rN+)
You are resistant to electric shocks. (rElec)
You are resistant to unholy torment.
You are immune to petrification.


Message History

Joseph is moderately wounded.
You block Joseph's attack.
You hit Joseph but do no damage.
Joseph is moderately wounded.
Joseph hits you with a +0 quarterstaff.
You whack Joseph!
Joseph is moderately wounded.
You hit Joseph but do no damage.
Joseph is moderately wounded.
Joseph hits you but does no damage.
You whack Joseph!
Joseph is heavily wounded.
Joseph hits you with a +0 quarterstaff!
You closely miss Joseph.
Joseph is heavily wounded.
You hit Joseph.
Joseph is heavily wounded.
Joseph hits you with a +0 quarterstaff!
You whack Joseph!
Joseph is severely wounded.
Joseph hits you with a +0 quarterstaff!
You hit Joseph.
Joseph is severely wounded.
Joseph hits you with a +0 quarterstaff.
You completely miss Joseph.
Joseph is severely wounded.
You hit Joseph.
Joseph is severely wounded.
Joseph closely misses you.
You hit Joseph.
Joseph is severely wounded.
Joseph hits you with a +0 quarterstaff!
* * * LOW HITPOINT WARNING * * *
Joseph unwields a +0 quarterstaff.
Joseph wields a +0 sling.
Joseph shoots a sling bullet.
The sling bullet hits you but does no damage.
Joseph shoots a sling bullet.
The sling bullet hits you!
* * * LOW HITPOINT WARNING * * *
Joseph shoots a sling bullet.
The sling bullet hits you!
You die...

## #. #. #. #.
########################
#.l@...@................
#.#####[......##########
#)# #.......'.........
#.....@#
#.......##########
#####..# ######.## .!l#
#.# ....# #.# .....# #.#
......# #.#


You could see Joseph and an iguana.

Vanquished Creatures
  Grinder (D:6)
  3 black bears (D:6)
  An ice beast (D:7)
  3 ogres
  A phantom (D:5)
  A kobold brigand (D:6)
  A bullfrog (D:5)
  A gnoll sergeant (D:7)
  2 scorpions
  2 jellies
  A gnoll bouda (D:5)
  2 orc priests
  9 hounds
  6 iguanas
  An orc wizard (D:6)
  7 adders
  15 gnolls
  An ufetubus (D:7)
  A worm (D:2)
  3 dart slugs
  18 orcs
  9 bats
  2 bat zombies (D:5)
  8 endoplasms
  5 goblins
  4 hobgoblins
  2 jackals (D:1)
  10 kobolds
  2 quokkas
  3 ball pythons
  6 frilled lizards
  9 rats
140 creatures vanquished.

Notes
Turn   | Place    | Note
-------+----------+-------------------------------------------
     0 | D:1      | AdnanSaban the Gargoyle Fighter began the quest for the
                  | Orb.
     0 | D:1      | Reached XP level 1. HP: 14/14 MP: 1/1
   190 | D:1      | Reached XP level 2. HP: 18/19 MP: 2/2
   663 | D:1      | Reached XP level 3. HP: 24/24 MP: 3/3
  1099 | D:2      | Found a shimmering altar of Xom.
  1552 | D:2      | Reached skill level 3 in Maces & Flails
  1552 | D:2      | Reached XP level 4. HP: 17/29 MP: 4/4
  1879 | D:2      | Got Bichai's Guidebook on Frost
  1889 | D:2      | Found a faded altar of an unknown god.
  2402 | D:3      | Reached XP level 5. HP: 33/33 MP: 5/5
  2443 | D:3      | Found a runed translucent door.
  2450 | D:3      | Noticed Tinttamiau's ghost (amateur KoDe)
  2603 | D:3      | Found an opulent altar of Gozag.
  2608 | D:3      | Found a runed translucent door.
  3180 | D:4      | Found a blossoming altar of Fedhas.
  3236 | D:4      | Reached skill level 4 in Maces & Flails
  3236 | D:4      | Reached XP level 6. HP: 38/38 MP: 6/6
  3543 | D:4      | Reached skill level 5 in Armour
  3685 | D:4      | You fall into a shaft and drop 1 floor!
  3685 | D:5      | Entered Level 5 of the Dungeon
  3709 | D:5      | Reached skill level 5 in Maces & Flails
  3709 | D:5      | Reached XP level 7. HP: 44/44 MP: 7/7
  4091 | D:5      | Reached skill level 6 in Maces & Flails
  4118 | D:5      | Found a staircase to the Ecumenical Temple.
  4134 | Temple   | Entered the Ecumenical Temple
  4202 | D:5      | Reached skill level 5 in Fighting
  4412 | D:5      | Reached XP level 8. HP: 49/49 MP: 8/8
  4581 | D:5      | Found an ancient bone altar of Kikubaaqudgha.
  4718 | D:6      | Reached skill level 7 in Maces & Flails
  4764 | D:6      | Noticed Grinder
  4774 | D:6      | Killed Grinder
  4775 | D:6      | Reached skill level 5 in Shields
  4976 | D:6      | Reached XP level 9. HP: 51/55 MP: 9/9
  4991 | D:6      | Reached skill level 8 in Maces & Flails
  5028 | D:6      | Found an iron altar of Okawaru.
  5036 | D:6      | Became a worshipper of Warmaster Okawaru
  5485 | D:7      | Noticed Joseph
  5513 | D:7      | Shot with a sling bullet by Joseph

Illustrated notes

Levels and vault maps discovered:
D:1:      onia_arrival_mini_maze_b, layout_loops_ring, minmay_tromino_i4
D:2:      layout_basic, dreamdust_ecumenical_altar_grove, basic_altar,
          minmay_misc_feat_nine_boxes, hangedman_glass_teeth, feat_on_display
D:3:      wad_lake_hut, layout_loops_ring, mainiacjoe_overflow_six_doors_small,
          ebering_ghost_sewer_f
D:4:      layout_rooms, mainiacjoe_overflow_brackets
D:5:      layout_loops_cross, lemuel_zombie_altar_kikubaaqudgha,
          minmay_temple_entry_ruins, minmay_crossroads
D:6:      layout_basic, mainiacjoe_overflow_boulevard, uniq_grinder
D:7:      layout_basic, mainiacjoe_overflow_24_doors, uniq_joseph
Temple:   nicolae_temple_godzebo

Skill      XL: |  1  2  3  4  5  6  7  8  9 |
---------------+----------------------------+-----
Maces & Flails | 3 4 5 6 7 8 |  8.5
Armour         | 4 5 6 |  6.9
Shields        | 4 5 |  5.5
Fighting       | 4 5 6 |  6.6

Action                     |  1- 3 |  4- 6 |  7- 9 || total
---------------------------+-------+-------+-------++-------
  Melee: Flail             |   161 |   242 |    51 ||   454
         Whip              |       |       |   260 ||   260
 Armour: Scale mail        |    97 |   140 |   122 ||   359
  Dodge: Dodged            |    91 |   114 |    96 ||   301
  Block: Buckler           |    49 |    57 |    56 ||   162

Table legend: (Time is in decaauts)
 A = Elapsed time spent in this place.
 B = Non-inter-level travel time spent in this place.
 C = Inter-level travel time spent in this place.
 D = Time resting spent in this place.
 E = Time spent auto-exploring this place.
 F = Levels seen in this place.
 G = Mean time per level.
                   A        B        C        D        E       F      G
               +--------+--------+--------+--------+--------+-----+--------+
         Total |   5610 |   5321 |    289 |    215 |   3614 |   8 |  701.2 |
       Dungeon |   5555 |   5320 |    235 |    215 |   3614 |   7 |  793.6 |
        Temple |     55 |      1 |     54 |      0 |      0 |   1 |   55.0 |
               +--------+--------+--------+--------+--------+-----+--------+

Top non-repeatable levels by time:
     D:2: 1225 daAuts
     D:1: 1067 daAuts
     D:3: 907 daAuts
     D:5: 801 daAuts
     D:4: 763 daAuts
     D:6: 560 daAuts
     D:7: 227 daAuts
  Temple: 55 daAuts
